 Dungeon Crawl Stone Soup version 0.32-a0-876-gcfddb08e57 (webtiles) character file.

Game seed: 5577564573161442629

554 Autsider the Magician (level 7, -2/59 HPs)
             Began as an Oni Hedge Wizard on Apr 1, 2024.
             Succumbed to a water moccasin's poison
             ... on level 5 of the Dungeon.
             The game lasted 00:18:02 (6256 turns).

Autsider the Magician (Oni Hedge Wizard)            Turns: 6256, Time: 00:18:03

Health: -2/59      AC:  9    Str: 15    XL:     7   Next: 30%
Magic:  11/13      EV:  8    Int: 17    God:
Gold:   220        SH:  0    Dex:  8    Spells: 6/14 levels left

rFire   . . .        a - +1 club
rCold   . . .        (no shield)
rNeg    . . .        (body armour restricted)
rPois   .            c - +0 hat
rElec   .            (no cloak)
rCorr   .            (gloves unavailable)
SInv    .            (boots unavailable)
Will    .....        j - amulet of the acrobat
Stlth   +            b - +4 ring of protection
HPRegen 0.29/turn    n - +4 ring of protection
MPRegen 0.13/turn

%: acrobat
@: lethally poisoned (-2 -> -21), on blink cooldown, very slightly contaminated
A: large, unfitting armour, horns 1, tough skin 1, double potion healing,
drunken brawling
a: no special abilities


You were on level 5 of the Dungeon.
You visited 1 branch of the dungeon, and saw 5 of its levels.

You collected 220 gold pieces.

Inventory:

Hand Weapons
 a - a +1 club (weapon)
Armour
 c - a +0 hat (worn)
Jewellery
 b - a +4 ring of protection (left hand)
 j - an amulet of the acrobat (around neck)
 n - a +4 ring of protection (right hand)
Wands
 e - a wand of charming (5)
Scrolls
 g - 2 scrolls of vulnerability
Potions
 f - 2 potions of resistance {unknown}
 h - a potion of brilliance
 i - a potion of enlightenment {unknown}


   Skills:
 - Level 1.7 Dodging
 - Level 1.4 Stealth
 - Level 4.0 Spellcasting
 - Level 3.0 Conjurations
 - Level 3.0 Summonings
 - Level 3.0 Translocations
 + Level 2.7 Air Magic
 + Level 2.7 Alchemy


You had 6 spell levels left.
You knew the following spells:

 Your Spells              Type           Power      Damage    Failure   Level
a - Magic Dart            Conj           52%        1d5       4%          1
b - Mephitic Cloud        Conj/Alch/Air  13%        N/A       16%         3
z - Blink                 Tloc           26%        N/A       7%          2
A - Call Imp              Summ           26%        N/A       7%          2

Your spell library contained the following spells:

 Spells                   Type           Power      Damage    Failure   Level
 Cigotuvi's Dreadful Rot  Necr/Alch/Air  18%        N/A       12%         2
 Teleport Other           Tloc           13%        N/A       14%         3
 Sandblast                Erth           6%         2d5       16%         1
 Slow                     Hex            12%        N/A       16%         1
 Stone Arrow              Conj/Erth      16%        3d8       26%         3
 Brom's Barrelling Bould  Conj/Erth      8%         2d3       63%         4
 Martyr's Knell           Necr/Summ      8%         N/A       63%         4
 Ignite Poison            Fire/Alch      8%         N/A       65%         4
 Sticky Flame             Fire/Alch      8%         2d4       65%         4
 Dispel Undead            Necr           3%         3d7       83%         4
 Dispersal                Tloc           6%         N/A       100%        6
 Gell's Gavotte           Tloc           6%         2d(14-20) 100%        6
 Ignition                 Fire           1%         3d3       100%        8


Dungeon Overview and Level Annotations

Branches:
Dungeon (5/15)
 Temple: D:4-7

Altars:
Dithmenos

Annotations:
D:3 exclusion: downstairs
D:4 Edmund, Eustachio, Menkaure


Innate Abilities, Weirdness & Mutations

You are too large for most types of armour.
You have a pair of small horns on your head.
You have tough skin. (AC +1)
You gain doubled healing and magic from potions.
Whenever you drink a healing potion, you attack all around you.


Message History

The water moccasin bites you.
* * * LOW HITPOINT WARNING * * *
You are more poisoned.
The water moccasin poisons you!
You closely miss the water moccasin.
The water moccasin is moderately wounded.
* * * LOW HITPOINT WARNING * * *
You feel extremely sick. The water moccasin closely misses you.
The water moccasin bites you.
* * * LOW HITPOINT WARNING * * *
Unknown command.
Casting: Magic Dart (safe; 4% risk of failure)
Confirm with . or Enter, or press ? or * to list all spells.
You miscast Call Imp.
You are very lightly contaminated with residual magic.
Nothing appears to happen.
* * * LOW HITPOINT WARNING * * *
You feel very sick. The water moccasin barely misses you.
You take a swig of the potion and twirl your +1 club.
You hit the water moccasin but do no damage.
The water moccasin is moderately wounded.
Magic courses through your body.
* * * LOW HITPOINT WARNING * * *
You feel very sick.
The water moccasin bites you but does no damage.
Casting: Call Imp (safe; 7% risk of failure)
Confirm with . or Enter, or press ? or * to list all spells.
You blink.
* * * LOW HITPOINT WARNING * * *
You feel very sick. The water moccasin bites you.
* * * LOW HITPOINT WARNING * * *
You are more poisoned.
The water moccasin poisons you!
Unknown command.
You closely miss the water moccasin.
Your headbutt misses the water moccasin.
The water moccasin is moderately wounded.
You die...

#..# ♣# #..# #. .#. ..
...# #.♣ # ...##. ...#
#..♣♣♣ #..#.#.. ...#
#.... #..#...# #...#
.... #..#.#.# ### ..#
#....#.. ... #.#
######..#.#.# #.##@#
#.......#...# ####...S#
#.####..#.#.#
#.....†.####.# #....#..
#.#####§##...####..#.#.#
##...)).........#...#
##..##########..>#.#..
##..## ##....##. #..##
#..#.... #.## ##.##.##


You could see a water moccasin.

Vanquished Creatures
  2 scorpions
  3 hounds
  A jelly (D:4)
  2 sleepcaps (D:4)
  Jessica (D:3)
  An iguana (D:5)
  3 gnolls (D:4)
  2 adders (D:4)
  A white imp (D:4)
  2 ufetubi (D:5)
  2 dart slugs (D:4)
  8 orcs
  7 ball pythons
  10 bats
  7 endoplasms
  2 giant cockroaches
  8 goblins
  10 hobgoblins
  6 kobolds
  3 quokkas
  3 frilled lizards
  7 rats
91 creatures vanquished.

Vanquished Creatures (collateral kills)
  An orc wizard (D:5)
  A gnoll (D:4)
  An adder (D:2)
  A ribbon worm (D:3)
  2 orcs (D:3)
  2 ball pythons (D:4)
  An endoplasm (D:3)
  A kobold (D:3)
10 creatures vanquished.

Grand Total: 101 creatures vanquished

Notes
Turn   | Place    | Note
-------+----------+-------------------------------------------
     0 | D:1      | Autsider the Oni Hedge Wizard began the quest for the Orb.
     0 | D:1      | Reached XP level 1. HP: 16/16 MP: 5/5
    41 | D:1      | Reached skill level 1 in Conjurations
    41 | D:1      | Reached skill level 1 in Summonings
    41 | D:1      | Reached skill level 1 in Translocations
   112 | D:1      | Reached XP level 2. HP: 22/24 MP: 1/6
   534 | D:1      | Learned a level 2 spell: Blink
   537 | D:1      | Learned a level 2 spell: Call Imp
   965 | D:1      | Reached XP level 3. HP: 31/31 MP: 1/8
  1479 | D:2      | Reached skill level 4 in Spellcasting
  2013 | D:2      | Found a faded altar of an unknown god.
  2120 | D:2      | Found a shadowy altar of Dithmenos.
  2244 | D:2      | Learned a level 3 spell: Mephitic Cloud
  2499 | D:3      | Noticed Jessica
  2536 | D:3      | Killed Jessica
  2537 | D:3      | Reached XP level 4. HP: 36/39 MP: 0/10
  3321 | D:3      | Reached skill level 1 in Air Magic
  3321 | D:3      | Reached XP level 5. HP: 30/45 MP: 8/11
  3430 | D:3      | Reached skill level 1 in Alchemy
  4200 | D:4      | Reached XP level 6. HP: 40/53 MP: 1/12
  4798 | D:4      | Noticed Edmund
  4798 | D:4      | Noticed Eustachio
  4848 | D:5      | Entered Level 5 of the Dungeon
  5057 | D:5      | Noticed an ice beast
  5058 | D:5      | Noticed a water moccasin
  5582 | D:4      | Noticed Menkaure
  5764 | D:5      | Reached XP level 7. HP: 43/59 MP: 1/13
  6256 | D:5      | Succumbed to a water moccasin's poison

Illustrated notes

Levels and vault maps discovered:
D:1:      lemuel_arrival_cross, layout_basic
D:2:      layout_rooms, basic_altar, shapermc_ecumenical_altar_hornbeckon
D:3:      layout_loops_ring, chequers_arboretum, roderic_batcave, uniq_jessica
D:4:      layout_loops_ring, minmay_fire_ice_demons, uniq_edmund,
          uniq_eustachio, uniq_menkaure
D:5:      layout_rooms, trog_antimagical, reono_crystal_passage,
          nicolae_concentric_dashed_squares_wild, minmay_stone_trees_small

Skill      XL: |  1  2  3  4  5  6 |
---------------+-------------------+-----
Conjurations   | 1 2 3 |  3.0
Summonings     | 1 2 3 |  3.0
Translocations | 1 2 3 |  3.0
Spellcasting   | 4 |  4.0
Air Magic      | 1 2 |  2.7
Alchemy        | 1 2 |  2.7
Dodging        | |  1.7
Stealth        | |  1.4

Action                     |  1- 3 |  4- 6 |  7- 9 || total
---------------------------+-------+-------+-------++-------
  Melee: Club              |    28 |   108 |    15 ||   151
         Headbutt          |     2 |    12 |       ||    14
   Cast: Magic Dart        |   103 |   170 |    43 ||   316
         Call Imp          |     1 |    19 |     3 ||    23
         Mephitic Cloud    |       |     3 |     1 ||     4
         Blink             |       |     2 |     1 ||     3
    Use: Scroll            |       |     9 |       ||     9
         Potion            |       |     2 |     1 ||     3
 Armour: Skin              |    35 |   198 |    35 ||   268
  Dodge: Dodged            |    35 |   135 |    21 ||   191

Table legend: (Time is in decaauts)
 A = Elapsed time spent in this place.
 B = Non-inter-level travel time spent in this place.
 C = Inter-level travel time spent in this place.
 D = Time resting spent in this place.
 E = Time spent auto-exploring this place.
 F = Levels seen in this place.
 G = Mean time per level.
                   A        B        C        D        E       F      G
               +--------+--------+--------+--------+--------+-----+--------+
         Total |   6302 |   6070 |    232 |    675 |   4150 |   5 | 1260.4 |
       Dungeon |   6302 |   6070 |    232 |    675 |   4150 |   5 | 1260.4 |
               +--------+--------+--------+--------+--------+-----+--------+

Top non-repeatable levels by time:
     D:4: 1658 daAuts
     D:3: 1540 daAuts
     D:1: 1470 daAuts
     D:2: 1031 daAuts
     D:5: 602 daAuts
